AoeStats
← LABRUTTI

Oasis

509304325Analyzed
2v2 RM · 7d ago on Sep 26, 2026· 35m 7s· 4 players
Game mode
Random Map
Map size
Medium (4 player)
Population
200
Speed
Normal
Resources
Standard
Victory
Conquest
Starting age
Dark Age
Ending age
Imperial Age
RankedLock teamsTeams togetherTeam positionsShared explorationLock speedFull tech treeHidden civsTurbo modeCheats
Victory
Defeat
🇫🇷 Wei · France
1293
+20
🇫🇷 Danes · France
1235
+22
🇻🇳 Ethiopians · Vietnam
1374
-21
🇻🇳 Magyars · Vietnam
1374
-21
Le zigouilleur²
6:42 Loom
9:32 Feudal Age
10:20 Double-Bit Axe
10:13 Man-at-Arms
15:14 Scale Mail Armor
19:46 Castle Age
18:33 Horse Collar
19:11 Gold Mining
19:45 Forging
19:52 Arson
20:52 Chain Mail Armor
24:37 Wheelbarrow
25:24 Iron Casting
24:53 Squires
24:35 Pikeman
28:18 Hand Cart
29:46 Town Watch
30:31 Stone Mining
31:16 Gold Shaft Mining
31:10 Heavy Plow
31:33 Bow Saw
LABRUTTI
6:28 Loom
9:23 Feudal Age
10:45 Horse Collar
10:53 Double-Bit Axe
19:14 Castle Age
17:12 Gold Mining
17:44 Fletching
19:11 Bloodlines
20:14 Bow Saw
20:17 Husbandry
21:45 Bodkin Arrow
22:28 Ballistics
22:31 Padded Archer Armor
24:29 Thumb Ring
33:10 Scale Barding Armor
37:46 Imperial Age
mmb
7:08 Loom
10:29 Feudal Age
11:27 Double-Bit Axe
15:51 Wheelbarrow
18:39 Castle Age
17:01 Horse Collar
17:30 Gold Mining
17:54 Fletching
19:04 Crossbowman
19:51 Bodkin Arrow
22:49 Padded Archer Armor
27:09 Hand Cart
32:37 Leather Archer Armor
32:30 Thumb Ring
Ligma
6:52 Loom
9:35 Feudal Age
10:09 Double-Bit Axe
13:51 Horse Collar
15:12 Bloodlines
19:37 Wheelbarrow
18:55 Gold Mining
23:35 Castle Age
22:10 Scale Barding Armor
26:09 Husbandry
29:29 Chain Barding Armor
33:23 Scale Mail Armor
33:15 Man-at-Arms
34:24 Long Swordsman
35:23 Chain Mail Armor
Connection lost

Rejoining the realm…

Still unreachable

The connection could not be restored.

Session expired

The server has moved on; the page needs a fresh start.